Unix NetHack Version 5.0.0-0 post-release - last build May 31 2026 23:59:36 (970b52f25bf058293b47ddfd14a1e40e571c508c,branch:main).

Game began 2026-06-05 14:05:24, ended 2026-06-05 15:35:11.

DiePARTEI, neutral female human Tourist

                                ------ --------
                                |....---...>|<|
                                |........0.-|^|
                                |.....|000.||^|
                                |.....|....||.|
                                |----.------|.|
                                |...[..|    |.|
                                |......------^|
                                |.....%.^%.@..|
                                |.....(-----@.|
                                --------   ----

DiePARTEI the Excursionist  St:9 Dx:14 Co:18 In:13 Wi:6 Ch:16  Neutral
Dlvl:7  $:4288 HP:0(79) Pw:30(30) AC:-4 Xp:8 T:8922  Burdened

Latest messages:
 In what direction? 4
 You throw 2 darts.
 The 1st dart hits the Green-elf.
 The 2nd dart hits the Green-elf.
 The Green-elf swings his runed broadsword.
 The Green-elf hits!
 The Green-elf swings his runed broadsword.
 The Green-elf hits!
 You escape a rolling boulder trap.
 In what direction? 4
 The dart hits the Green-elf.
 The Green-elf picks up an elven dagger.
 You see here a rothe corpse.
 Click!  The Green-elf triggers a rolling boulder trap.
 The Green-elf zaps a wand of magic missile!
 The magic missile hits the Green-elf!
 The magic missile hits you!
 The missiles bounce off!
 The Green-elf picks up a runed broadsword.
 You see here a partly eaten rothe corpse.
 You hit the Green-elf.
 The Green-elf swings his runed broadsword.
 The Green-elf just misses!
 You hit the Green-elf.
 The Green-elf swings his runed broadsword.
 The Green-elf misses!
 You hit the Green-elf.
 You hit the Green-elf.
 The Green-elf swings his runed broadsword.
 The Green-elf hits!
 You miss the Green-elf.
 The Green-elf swings his runed broadsword.
 The Green-elf hits!
 You hit the Green-elf.
 You hit the Green-elf.
 The Green-elf swings his runed broadsword.
 The Green-elf hits!
 What do you want to zap? [oDK or ?*] o
 In what direction? 7
 The sleep ray hits the Green-elf.
 The sleep ray bounces!
 The sleep ray hits it.
 The Green-elf swings his runed broadsword.
 The Green-elf hits!
 You die...
 Do you want your possessions identified? [ynq] (y) y
 Do you want to see your attributes? [ynq] (y) y
 Do you want an account of creatures vanquished? [ynaq] (y) y
 Do you want to see your conduct and achievements? [ynq] (y) y
 Do you want to see the dungeon overview? [ynq] (y) y

Inventory:
 Coins    ('$')
  $ - 4288 gold pieces
 Weapons  (')')
  b - 8 blessed +0 darts (at the ready)
  a - 6 +2 darts
  j - 12 +0 darts
  z - a +0 dagger
  A - a +1 orcish dagger (weapon in right hand)
  B - the +1 Werebane (alternate weapon; not wielded)
 Armor    ('[')
  O - an uncursed +0 dunce cap
  e - a cursed -1 helm of opposite alignment
  u - a blessed +0 orcish helm (being worn)
  v - a blessed +2 pair of gauntlets of dexterity (being worn)
  t - an uncursed very rotted +0 pair of speed boots (being worn)
  r - an uncursed +0 pair of water walking boots
  k - a cursed -1 elven shield (being worn)
  I - a blessed greased fireproof +2 cloak of magic resistance (being worn)
  g - an uncursed +0 Hawaiian shirt with a jellyfish motif (being worn)
  q - an uncursed +0 banded mail (being worn)
 Comestibles  ('%')
  n - an uncursed slime mold
  m - an uncursed carrot
  p - 2 uncursed cream pies
  d - 6 uncursed food rations
  Q - an uncursed fortune cookie
  c - an uncursed pear
  C - an uncursed tripe ration
 Scrolls  ('?')
  w - 2 uncursed scrolls of earth
  R - a cursed scroll of enchant armor
  P - a cursed scroll of gold detection
  i - an uncursed scroll of light
  f - 2 uncursed scrolls of magic mapping
  s - a cursed scroll of remove curse
  M - an uncursed scroll of teleportation
 Spellbooks  ('+')
  l - an uncursed spellbook of chain lightning
 Potions  ('!')
  Y - a cursed potion of full healing
 Rings    ('=')
  x - an uncursed ring of regeneration
  N - an uncursed ring of shock resistance named coldres (on left hand)
 Wands    ('/')
  K - a wand of make invisible (0:3)
  o - a wand of sleep (0:2)
  D - a wand of slow monster (0:4)
 Tools    ('(')
  S - an uncursed blindfold
  h - an expensive camera (0:79)
  Z - a magic marker (0:78)
  W - a magic marker (0:31)
  F - a magic marker (0:16)
  L - a blessed oil lamp
  E - an uncursed skeleton key
  y - an uncursed stethoscope
 Gems/Stones  ('*')
  T - an uncursed turquoise stone

DiePARTEI the Tourist's attributes:

Background:
 You were an Excursionist, a level 8 female human Tourist.
 You were neutral, on a mission for The Lady
 who was opposed by Blind Io (lawful) and Offler (chaotic).
 You were right-handed.
 You were in Sokoban, on level 7.
 You entered the dungeon 8922 turns ago.
 You had 1360 experience points, 1200 more were needed to attain level 9.

Basics:
 You had 0 out of 79 hit points.
 You had all 30 energy points (spell power).
 Your armor class was -4.
 Your wallet contained 4288 zorkmids.
 Autopickup was off.

Final Characteristics:
 Your strength was 9 (peak:14, limit:18/100).
 Your dexterity was 14 (base:12, limit:18).
 Your constitution was 18 (limit:18).
 Your intelligence was 13 (limit:18).
 Your wisdom was 6 (peak:7, limit:18).
 Your charisma was 16 (limit:18).

Final Status:
 You weren't hungry.
 You were burdened; movement was slightly slowed.
 You were wielding a dagger.
 You had basic skill with dagger and could have enhanced that.

Final Attributes:
 You were piously aligned.
 You were magic-protected.
 You were cold resistant.
 You were shock resistant.
 Your items were protected from electric shocks.
 You were telepathic.
 You were warded.
 Your spell casting was impaired by metallic armor.
 You were very fast.
 You were unlucky.
 The Lady was angry with you.
 You are dead.

Miscellaneous:
 You didn't encounter any bones levels.
 Total elapsed playing time was 1 hour, 29 minutes and 46 seconds.

Major events:
 Turn
    1: DiePARTEI the neutral female human Tourist entered the dungeon
 1385: attained the rank of Sightseer (level 3)
 1877: entered the Gnomish Mines
 3274: attained the rank of Excursionist (level 6)
 3950: reached Mine Town
 5466: made her first wish - "blessed fireproof erodeproof greased +2 cloak of magic resistance", got "a greased ornamental cope"
 6782: was bestowed with Werebane by The Lady
 8552: entered Sokoban
 8922: killed by a Green-elf

Spells:
 Name                 Level Category     Fail Retention
 chain lightning        2   attack       100%   51%-75%

Skills:
 Fighting Skills
   bare handed combat [Skilled]
   two weapon combat  [Unskilled]
   riding             [Unskilled]
 Weapon Skills
   dagger             [Basic]
   knife              [Unskilled]
   axe                [Unskilled]
   pick-axe           [Unskilled]
   short sword        [Unskilled]
   broadsword         [Unskilled]
   long sword         [Unskilled]
   two-handed sword   [Unskilled]
   saber              [Unskilled]
   mace               [Unskilled]
   morning star       [Unskilled]
   flail              [Unskilled]
   hammer             [Unskilled]
   quarterstaff       [Unskilled]
   polearms           [Unskilled]
   spear              [Unskilled]
   trident            [Unskilled]
   lance              [Unskilled]
   bow                [Unskilled]
   sling              [Unskilled]
   crossbow           [Unskilled]
   dart               [Skilled]
   shuriken           [Unskilled]
   boomerang          [Unskilled]
   whip               [Unskilled]
   unicorn horn       [Unskilled]
 Spellcasting Skills
   divination spells  [Unskilled]
   enchantment spells [Unskilled]
   escape spells      [Unskilled]

Voluntary challenges:
 Character rerolling was not enabled.
 You never genocided any monsters.
 You never polymorphed an object.
 You never changed form.
 You used 1 wish.
 You did not wish for any artifacts.
 You did not violate any of the special Sokoban rules.
Achievements:
 You entered a shop.
 You attained the rank of Sightseer.
 You entered the Gnomish Mines.
 You attained the rank of Excursionist.
 You entered Minetown.
 You entered Sokoban.

 The Dungeons of Doom: levels 1 to 8
    Level 1:
       An altar to The Lady.
    Level 2:
       An armor shop.
    Level 3:
    Level 4:
       A tool shop, some fountains.
       Stairs down to The Gnomish Mines.
    Level 5:
       A grave.
    Level 6:
    Level 7:
    Level 8:
       Some fountains, a grave.
       Stairs up to Sokoban, level 7.
 The Gnomish Mines: levels 5 to 7
    Level 5:
    Level 6:
    Level 7:
       An altar, some fountains.
 Sokoban:
    Level 7: <- You were here.
       Unsolved.
       Final resting place for
          you, killed by a Green-elf.


Vanquished creatures:
  2 winter wolf cubs
  a leprechaun
  a giant spider
  a gnome ruler
  a dwarf mummy
  a brown pudding
  a yeti
  a gold golem
  3 Green-elves
  a jaguar
  a dust vortex
  2 gnome mummies
  a snake
  3 Woodland-elves
  2 soldier ants
 an imp
  8 Mordor orcs
 an orc shaman
  a rock piercer
  2 rock moles
  a pony
  3 fog clouds
  a yellow light
  a shrieker
  6 gnome leaders
  a kobold mummy
  4 elf zombies
  a ghoul
  a straw golem
  2 paper golems
  3 floating eyes
  a kitten
  6 dwarves
  2 homunculi
  a kobold shaman
 10 hill orcs
  4 rothes
  2 rabid rats
  3 giant bats
  3 dwarf zombies
  2 werejackals
  3 iguanas
  4 acid blobs
  a gas spore
  2 hobbits
  9 manes
  2 large kobolds
  a hobgoblin
  5 giant rats
  2 cave spiders
  2 yellow molds
  a red mold
 18 gnomes
  2 gnome zombies
  5 geckos
  9 jackals
  2 foxes
  9 goblins
  a sewer rat
 19 grid bugs
  8 lichens
  3 kobold zombies
  9 newts
210 creatures vanquished.

No species were genocided or became extinct.

Game over:
                       ----------
                      /          \
                     /    REST    \
                    /      IN      \
                   /     PEACE      \
                  /                  \
                  |    DiePARTEI     |
                  |     4288 Au      |
                  |   killed by a    |
                  |    Green-elf     |
                  |                  |
                  |                  |
                  |       2026       |
                 *|     *  *  *      | *
        _________)/\\_//(\/(/\)/\//\/|_)_______

Aloha DiePARTEI the Tourist...

You died in Sokoban on dungeon level 7 with 11135 points,
and 4288 pieces of gold, after 8922 moves.
You were level 8 with a maximum of 79 hit points when you died.

